 Dungeon Crawl Stone Soup version 0.30-a0-840-ga523dec638 (webtiles) character file.

Game seed: 13499471410975153309

137 jimonade the Shooter (level 5, -2/30 HPs)
             Began as a Deep Elf Hunter on Mar 1, 2023.
             Slain by a black bear (5 damage)
             ... on level 3 of the Dungeon.
             The game lasted 00:02:59 (1550 turns).

jimonade the Shooter (Deep Elf Hunter)              Turns: 1550, Time: 00:02:59

Health: -2/30      AC: 15    Str: 10    XL:     5   Next: 0%
Magic:  0/10       EV:  9    Int: 14    God:
Gold:   88         SH:  0    Dex: 18    Spells: 8/8 levels left

rFire   . . .      SeeInvis .    a - +0 shortbow
rCold   . . .      Faith    .    (shield currently unavailable)
rNeg    . . .      Spirit   +    t - +3 scale mail
rPois   .          Reflect  .    m - +0 helmet
rElec   .          Harm     .    f - +0 cloak
rCorr   .          Rampage  .    (no gloves)
Will    .....                    (no boots)
Stlth   +                        l - amulet of guardian spirit
HPRegen 0.25/turn                g - +4 ring of protection
MPRegen 0.12/turn                (no ring)

@: no status effects
A: no striking features
a: no special abilities


You were on level 3 of the Dungeon.
You visited 1 branch of the dungeon, and saw 3 of its levels.

You collected 88 gold pieces.

Inventory:

Hand Weapons
 a - a +0 shortbow (weapon)
 i - a +0 dagger
 k - a +0 long sword
Armour
 c - a +0 leather armour
 f - a +0 cloak (worn)
 m - a +0 helmet (worn)
 t - a +3 scale mail (worn)
Jewellery
 g - a +4 ring of protection (left hand)
 l - an amulet of guardian spirit (around neck)
Scrolls
 b - 3 scrolls of immolation
 e - a scroll of identify {unknown}
 p - a scroll of silence {unknown}
 q - a scroll of amnesia {unknown}
Potions
 d - a potion of lignification {unknown}
 h - a potion of brilliance {unknown}
 j - a potion of degeneration {unknown}
 n - a potion of curing {unknown}
 o - a potion of might {unknown}
 r - a potion of attraction {unknown}
 s - a potion of heal wounds {unknown}


   Skills:
 + Level 2.1 Fighting
 + Level 7.2 Ranged Weapons
 + Level 0.4 Armour
 + Level 2.7 Dodging
 + Level 1.3 Stealth
 * Level 2.3 Spellcasting


You had 8 spell levels left.
You didn't know any spells.
Your spell library contained the following spells:

 Spells                   Type           Power      Damage    Failure   Level
 Frozen Ramparts          Ice            2%         1d1       99%         3
 Ice Form                 Ice/Tmut       1%         N/A       100%        4
 Summon Ice Beast         Ice/Summ       1%         N/A       100%        4


Dungeon Overview and Level Annotations

Branches:
Dungeon (3/15)

Altars:

Annotations:
D:2 1 runed translucent door, Crazy Yiuf


Message History

The black bear claws you but does no damage.
You are too injured to fight recklessly!
You are too injured to fight recklessly!
You are too injured to fight recklessly!
You are too injured to fight recklessly!
Fire: a) +0 shortbow
Press: ? - help, Q - select action Shift-Dir - straight line, f/p - black bear
Aim: a black bear (severely wounded, berserk, 72% to hit)
You shoot an arrow. The arrow barely misses the black bear.
The black bear barely misses you.
The black bear claws you but does no damage.
The black bear claws you. The black bear closely misses you.
The black bear barely misses you. The black bear claws you.
Fire: a) +0 shortbow
Press: ? - help, Q - select action Shift-Dir - straight line, f/p - black bear
Aim: a black bear (severely wounded, berserk, 72% to hit)
You shoot an arrow. The arrow hits the black bear.
The black bear is severely wounded.
The black bear bites you but does no damage.
The black bear claws you but does no damage.
The black bear barely misses you. The black bear bites you!
* * * LOW HITPOINT WARNING * * *
The black bear barely misses you.
The black bear claws you but does no damage.
Fire: a) +0 shortbow
Press: ? - help, Q - select action Shift-Dir - straight line, f/p - black bear
Aim: a black bear (severely wounded, berserk, 72% to hit)
You shoot an arrow. The arrow hits the black bear!
The black bear is almost dead.
The black bear bites you but does no damage.
The black bear claws you but does no damage. x2
The black bear closely misses you. The black bear barely misses you.
The black bear claws you but does no damage.
Fire: a) +0 shortbow
Press: ? - help, Q - select action Shift-Dir - straight line, f/p - black bear
Aim: a black bear (almost dead, berserk, 72% to hit)
You shoot an arrow.
The arrow closely misses the black bear.
The black bear bites you.
You die...

# . . #.# .. #. ###
#.####### ... #. #..
#........
...#.###.#####..../...
.....#.##...........
#..#.##.##........
#...##.##†.......
#######.#....@h).......
#.......#.#..##........
#.#######.##....#######
#......).)#####>#
#.#####################
#.......>.............#
#.###################.#
#.# #.# #.# #.#


You could see a black bear (berserk).

Vanquished Creatures
  Terence (D:3)
  Jessica (D:2)
  Robin (D:1)
  2 adders (D:2)
  A worm (D:2)
  A dart slug (D:1)
  A ball python (D:2)
  4 endoplasms
  A giant cockroach (D:2)
  15 goblins
  2 hobgoblins
  A kobold (D:1)
  4 quokkas
  6 bats
  3 frilled lizards
  6 rats
50 creatures vanquished.

Notes
Turn   | Place    | Note
-------+----------+-------------------------------------------
     0 | D:1      | jimonade the Deep Elf Hunter began the quest for the Orb.
     0 | D:1      | Reached XP level 1. HP: 12/12 MP: 3/3
   110 | D:1      | Reached XP level 2. HP: 17/17 MP: 4/4
   114 | D:1      | Found a faded altar of an unknown god.
   275 | D:1      | Reached skill level 6 in Ranged Weapons
   565 | D:2      | Reached XP level 3. HP: 21/21 MP: 5/5
   670 | D:2      | Noticed Robin
   696 | D:1      | Killed Robin
   906 | D:2      | Reached skill level 1 in Spellcasting
  1012 | D:2      | Noticed Jessica
  1016 | D:2      | Reached XP level 4. HP: 25/26 MP: 7/7
  1024 | D:2      | Killed Jessica
  1025 | D:2      | Reached skill level 7 in Ranged Weapons
  1305 | D:2      | Found a runed translucent door.
  1306 | D:2      | Noticed Crazy Yiuf
  1411 | D:3      | Noticed Terence
  1436 | D:3      | Killed Terence
  1526 | D:3      | Reached XP level 5. HP: 30/30 MP: 10/10
  1531 | D:3      | Noticed a black bear
  1550 | D:3      | Slain by a black bear

Illustrated notes

Levels and vault maps discovered:
D:1:      lightli_iron_boxes, layout_rooms,
          chequers_ecumenical_altar_simple_redux
D:2:      layout_loops_ring, uniq_crazy_yiuf_cottage, uniq_jessica, uniq_robin
D:3:      layout_basic, uniq_terence, uniq_ijyb

Skill      XL: |  1  2  3  4 |
---------------+-------------+-----
Ranged Weapons | 6 7 |  7.2
Fighting       | 2 |  2.1
Spellcasting   | 1 2 |  2.3
Armour         | |  0.4
Dodging        | |  2.7
Stealth        | |  1.3

Action                     |  1- 3 |  4- 6 || total
---------------------------+-------+-------++-------
   Fire: Shortbow          |    96 |    66 ||   162
 Armour: Leather armour    |    17 |     5 ||    22
         Scale mail        |       |    36 ||    36
  Dodge: Dodged            |    35 |    27 ||    62

Table legend: (Time is in decaauts)
 A = Elapsed time spent in this place.
 B = Non-inter-level travel time spent in this place.
 C = Inter-level travel time spent in this place.
 D = Time resting spent in this place.
 E = Time spent auto-exploring this place.
 F = Levels seen in this place.
 G = Mean time per level.
                   A        B        C        D        E       F      G
               +--------+--------+--------+--------+--------+-----+--------+
         Total |   1595 |   1504 |     91 |     50 |   1048 |   3 |  531.7 |
       Dungeon |   1595 |   1504 |     91 |     50 |   1048 |   3 |  531.7 |
               +--------+--------+--------+--------+--------+-----+--------+

Top non-repeatable levels by time:
     D:2: 869 daAuts
     D:1: 518 daAuts
     D:3: 208 daAuts
